 Dungeon Crawl Stone Soup version 0.29.0-5-ge4962eb29e (webtiles) character file.

Game seed: 14790061361936955077

1469 freelancePsychic the Cutter (level 8, -10/63 HPs)
             Began as a Merfolk Air Elementalist on Aug 28, 2022.
             Was a Priest of Vehumet.
             Killed by an exploding dream sheep (43 damage)
             ... ignited by their inner flame
             ... on level 6 of the Dungeon.
             The game lasted 00:13:32 (7774 turns).

freelancePsychic the Cutter (MfAE)                  Turns: 7774, Time: 00:13:33

Health: -10/63     AC:  7    Str:  8    XL:     8   Next: 77%
Magic:  9/12       EV: 13    Int: 15    God:    Vehumet [***...]
Gold:   262        SH:  0    Dex: 16    Spells: 9/13 levels left

rFire   . . .      SeeInvis .   o - +1 rapier (speed)
rCold   . . .      Faith    .   (no shield)
rNeg    . . .      Spirit   .   r - +0 leather armour
rPois   +          Reflect  .   (no helmet)
rElec   .          Harm     .   w - +0 cloak
rCorr   .          Rampage  .   (no gloves)
Will    +....                   n - +2 pair of boots
Stlth   +++.......              (no amulet)
HPRegen 0.20/turn               c - ring of poison resistance
MPRegen 0.13/turn               A - ring of willpower

@: no status effects
A: (nimble swimmer 2), mertail
a: Renounce Religion


You were on level 6 of the Dungeon.
You worshipped Vehumet.
Vehumet was most pleased with you.
You visited 1 branch of the dungeon, and saw 6 of its levels.
You also visited: Ossuary.

You collected 374 gold pieces.
You spent 112 gold pieces at shops.

Inventory:

Hand Weapons
 o - a +1 rapier of speed (weapon)
Missiles
 l - 13 poisoned darts
Armour
 n - a +2 pair of boots (worn)
 r - a +0 leather armour (worn)
 u - a +0 pair of gloves
 w - a +0 cloak (worn)
Jewellery
 c - a ring of poison resistance (left hand)
 i - a ring of flight
 x - a ring of protection from cold
 A - a ring of willpower (right hand)
 D - a ring of positive energy
Wands
 t - a wand of mindburst (13)
 y - a wand of roots (9)
 C - a wand of light (6)
 E - a wand of polymorph (3)
Scrolls
 a - a scroll of teleportation {unknown}
 d - a scroll of butterflies {unknown}
 e - a scroll of identify {unknown}
 j - 3 scrolls of blinking
 s - a scroll of brand weapon
Potions
 b - 3 potions of magic
 f - 2 potions of invisibility {unknown}
 g - 4 potions of mutation {unknown}
 h - 3 potions of degeneration {unknown}
 k - 2 potions of attraction {unknown}
 m - 4 potions of curing {@q1}
 p - a potion of lignification {unknown}
 q - a potion of berserk rage
 v - 2 potions of heal wounds {unknown}
 z - a potion of ambrosia {unknown}
 B - a potion of brilliance {unknown}


   Skills:
 + Level 5.6 Fighting
 - Level 7.0 Short Blades
 - Level 4.4 Dodging
 - Level 5.3 Stealth
 + Level 3.1 Spellcasting
 + Level 1.5 Conjurations
 + Level 2.9 Air Magic
 * Level 2.8 Poison Magic


You had 9 spell levels left.
You knew the following spells:

 Your Spells              Type           Power      Damage    Failure   Level
a - Shock                 Conj/Air       36%        1d5       3%          1
b - Mephitic Cloud        Conj/Pois/Air  9%         N/A       9%          3

Your spell library contained the following spells:

 Spells                   Type           Power      Damage    Failure   Level
 Static Discharge         Conj/Air       9%         3-5/arc   4%          2
 Airstrike                Air            5%         2d(1-17)  22%         4
 Swiftness                Air            11%        N/A       26%         3
 Tukima's Dance           Hex            2%         N/A       65%         3
 Yara's Violent Unravell  Hex/Tmut       1%         3d3       86%         5
 Passage of Golubria      Tloc           2%         N/A       96%         4


Dungeon Overview and Level Annotations

Branches:
Dungeon (6/15)             Temple (0/1) D:5         Ossuary (visited)

Altars:
Uskayaw
Vehumet
Xom
The Shining One

Shops:
D:3 !

Annotations:
D:5 exclusion: ice beast
D:6 exclusions: hornet and iguana


Innate Abilities, Weirdness & Mutations

((You are very nimble when in or above water. (Stealth+, EV+, Speed+++)))
Your lower body shifts to a powerful aquatic tail in water.


Message History

a +0 whip of flaming; a +0 leather armour
There is an open door, spattered with blood here.
Things that are here:
a +0 flail; a gnoll corpse You open the door.
The walls suddenly crumble! 5 dream sheep come into view.
A dream sheep catches fire!
The dream sheep bleats in terror.
A dream sheep catches fire!
The dream sheep stampedes away.
A dream sheep catches fire!
A frightened dream sheep leaps away.
A dream sheep catches fire!
The dream sheep bleats in terror.
A dream sheep catches fire!
The dream sheep is struck with panic!
You hear mad divine giggling.
Found a shimmering altar of Xom.
There are monsters nearby!
The ball explodes into a vile cloud!
The stinking cloud engulfs the dream sheep but does no damage.
Your attack snaps the dream sheep out of its fear.
The stinking cloud engulfs the dream sheep but does no damage.
Your attack snaps the dream sheep out of its fear.
The dream sheep bleats! x3
The dream sheep burns! x5
The dream sheep is engulfed in noxious fumes.
The dream sheep appears confused.
The dream sheep shake their wool and sparkle.
You feel drowsy...
You fall asleep.
The dream sheep burns! x10
The dream sheep is engulfed in noxious fumes.
The dream sheep appears confused.
The dream sheep burns! x5
The dream sheep explodes! x2
The fiery explosion engulfs you!!
You wake up.
The dream sheep explodes!
The fiery explosion engulfs you!!!
Ouch! That really hurt!
You die...

##############
#............#
#....§@§§..#
##....§§§§..# ########
#.....§§○§..# .......#
#)#...._....#
.......###...........#
.......')')............
.......###.)..§.§.....##
.......# #..).§§§.Y...#
.......# ##########


You could see a dream sheep (inner flame, fleeing, burning).

Vanquished Creatures
  A water moccasin (D:5)
  A sky beast (D:5)
  An ogre (D:6)
  A phantom (D:4)
  2 scorpions
  A necrophage (D:6)
  2 centaur zombies (Ossuary)
  A crimson imp (D:4)
  3 gnoll boudas
  A jelly (D:6)
  Crazy Yiuf (D:3)
  3 human zombies (Ossuary)
  3 hounds
  2 iguanas
  2 orc wizards (D:3)
  2 mummies (Ossuary)
  15 gnolls
  8 adders
  3 white imps
  2 adder zombies (Ossuary)
  5 worms
  2 dart slugs
  16 orcs
  3 bats
  8 endoplasms
  3 giant cockroaches (D:2)
  10 goblins
  4 hobgoblins
  8 jackals
  4 kobolds
  8 quokkas
  6 ball pythons
  2 frilled lizards (D:3)
  A goblin zombie (Ossuary)
  6 hobgoblin zombies (Ossuary)
  2 jackal zombies (Ossuary)
  14 kobold zombies (Ossuary)
  6 orc zombies (Ossuary)
  2 rats (D:1)
  A rat zombie (Ossuary)
166 creatures vanquished.

Vanquished Creatures (others)
  4 dream sheep (D:6)
4 creatures vanquished.

Grand Total: 170 creatures vanquished

Notes
Turn   | Place    | Note
-------+----------+-------------------------------------------
     0 | D:1      | freelancePsychic the Merfolk Air Elementalist began the
                  | quest for the Orb.
     0 | D:1      | Reached XP level 1. HP: 13/13 MP: 3/3
   263 | D:1      | Reached skill level 1 in Short Blades
   263 | D:1      | Reached XP level 2. HP: 20/20 MP: 0/5
   527 | D:1      | Reached skill level 1 in Fighting
   746 | D:1      | Found a faded altar of an unknown god.
  1306 | D:2      | Reached XP level 3. HP: 26/26 MP: 0/6
  1419 | D:2      | Reached skill level 2 in Short Blades
  2033 | D:2      | Reached XP level 4. HP: 32/33 MP: 7/7
  2241 | D:3      | Reached skill level 3 in Short Blades
  2469 | D:3      | Found Point's Distillery.
  2563 | D:3      | Bought a potion of berserk rage for 70 gold pieces
  2563 | D:3      | Bought a potion of curing for 42 gold pieces
  2618 | D:3      | Paralysed by a goblin for 5 turns
  2626 | D:3      | Paralysed by a goblin for 4 turns
  2814 | D:4      | Found a radiant altar of Vehumet.
  2838 | D:4      | Became a worshipper of Vehumet
  2913 | D:4      | Reached XP level 5. HP: 28/38 MP: 8/8
  3022 | D:4      | Reached skill level 4 in Short Blades
  3040 | D:4      | Found a sand-covered staircase.
  3047 | Ossuary  | Entered an ossuary
  3147 | Ossuary  | Reached * piety under Vehumet
  3147 | Ossuary  | Offered knowledge of Sandblast by Vehumet.
  3212 | Ossuary  | Reached XP level 6. HP: 38/46 MP: 9/9
  3578 | Ossuary  | Reached skill level 5 in Short Blades
  4243 | D:4      | Reached XP level 7. HP: 52/53 MP: 10/10
  4253 | D:4      | Reached skill level 6 in Short Blades
  4492 | D:3      | Paralysed by a goblin for 2 turns
  4596 | D:3      | Reached skill level 5 in Stealth
  4917 | D:3      | Found a runed translucent door.
  4918 | D:3      | Noticed Crazy Yiuf
  4996 | D:3      | Offered knowledge of Foxfire by Vehumet.
  5005 | D:3      | Reached ** piety under Vehumet
  5235 | D:3      | Found a glowing golden altar of the Shining One.
  5473 | D:3      | Killed Crazy Yiuf
  5708 | D:5      | Entered Level 5 of the Dungeon
  5833 | D:5      | Identified the +11 war axe of Wounding {vamp, +Blink
                  | Dex+10}
  6044 | D:5      | Reached XP level 8. HP: 44/61 MP: 11/11
  6327 | D:5      | Found a hide-covered altar of Uskayaw.
  6362 | D:5      | Reached skill level 5 in Fighting
  6581 | D:5      | Found a staircase to the Ecumenical Temple.
  6801 | D:6      | Offered knowledge of Mephitic Cloud by Vehumet.
  6802 | D:6      | Reached skill level 7 in Short Blades
  6806 | D:6      | Learned a level 3 spell: Mephitic Cloud
  7076 | D:6      | Reached skill level 1 in Poison Magic
  7133 | D:6      | Reached skill level 1 in Conjurations
  7633 | D:6      | Noticed a hornet
  7730 | D:6      | Reached *** piety under Vehumet
  7770 | D:6      | Noticed a dream sheep
  7770 | D:6      | Noticed a dream sheep
  7770 | D:6      | Noticed a dream sheep
  7770 | D:6      | Noticed a dream sheep
  7770 | D:6      | Noticed a dream sheep
  7770 | D:6      | Found a shimmering altar of Xom.
  7774 | D:6      | Killed a dream sheep
  7774 | D:6      | Killed a dream sheep
  7774 | D:6      | Killed a dream sheep
  7774 | D:6      | Killed a dream sheep
  7774 | D:6      | Killed by an exploding dream sheep... ignited by their
                  | inner flame

Illustrated notes

Levels and vault maps discovered:
D:1:      reono_arrival_forest_river, layout_loops_ring, basic_ecumenical_altar
D:2:      layout_rooms, kennysheep_crisscross, glass_columns_c
D:3:      layout_basic, nicolae_tso_carved_into_rock, serial_shops, shop,
          hangedman_decor_push, minivault_4, kennysheep_generic_room_9,
          uniq_crazy_yiuf_cottage
D:4:      layout_loops_cross, amcnicky_altar_gilded,
          chequers_ossuary_entry_cave, hex_large, minmay_fire_ice_demons
D:5:      layout_rooms, eat_drink_and_be_merry_uskayaw,
          minmay_temple_entry_drinking_statues, kennysheep_donut,
          grunt_decor_resistance, grunt_decor_arrowhead
D:6:      minmay_recursive_quarters, layout_basic, kb_xom_exploding_sheep,
          kennysheep_small_square

Skill      XL: |  1  2  3  4  5  6  7  8 |
---------------+-------------------------+-----
Short Blades   | 1 2 3 4 5 6 7 |  7.0
Fighting       | 1 2 3 4 5 |  5.6
Stealth        | 3 4 5 |  5.3
Dodging        | 3 4 |  4.4
Poison Magic   | 2 |  2.8
Conjurations   | 1 |  1.5
Spellcasting   | 3 |  3.1
Air Magic      | |  2.9

Action                   |  1- 3 |  4- 6 |  7- 9 || total
-------------------------+-------+-------+-------++-------
Melee: Short sword       |    26 |       |       ||    26
       Unarmed           |     3 |       |       ||     3
       Rapier            |    15 |   259 |   248 ||   522
       Punch             |       |     2 |     1 ||     3
 Cast: Shock             |    59 |    42 |    35 ||   136
       Mephitic Cloud    |       |       |     4 ||     4
  Use: Scroll            |       |     5 |     5 ||    10
       Potion            |       |       |     2 ||     2
 Stab: Sleeping          |     3 |    10 |     5 ||    18
       Distracted        |       |       |     1 ||     1
Armor: Robe              |     8 |     3 |       ||    11
       Leather armour    |       |    35 |    37 ||    72
Dodge: Dodged            |    25 |   107 |    70 ||   202
